 Dungeon Crawl Stone Soup version 0.23.0 (webtiles) character file.

Game seed: 3929266027714786847

7156 lyphon the Destroyer (level 10, -17/48 HPs)
             Began as a Felid Fire Elementalist on Feb 14, 2019.
             Was an Elder of Sif Muna.
             Demolished by a wolf spider simulacrum (21 damage)
             ... on level 9 of the Dungeon.
             The game lasted 00:55:27 (17635 turns).

lyphon the Destroyer (Felid Fire Elementalist)     Turns: 17635, Time: 00:55:28

Health: -17/48     AC:  2    Str:  4    XL:     10   Next: 86%
Magic:  18/22      EV: 18    Int: 21    God:    Sif Muna [****..]
Gold:   576        SH:  0    Dex: 16    Spells: 11/24 levels left
                                        Lives:  0   Deaths: 3

rFire    . . .     SeeInvis +   (weapon unavailable)
rCold    . . .     Gourm    .   (shield unavailable)
rNeg     . . .     Faith    .   (armour unavailable)
rPois    +         Spirit   .   (helmet unavailable)
rElec    .         Reflect  .   (cloak unavailable)
rCorr    .         Harm     .   (gloves unavailable)
MR       +....                  (boots unavailable)
Stlth    +++.......             (no amulet)
HPRegen  0.16/turn              n - ring of wizardry
MPRegen  0.18/turn              r - ring of poison resistance

@: quick
A: very small, no armour, no weapons or thrown items, stealth, claws 1, fangs 3,
see invisible, carnivore, speed 1, shaggy fur 2, slow metabolism 1, sharp paws
a: Divine Energy, Channel Magic, Forget Spell, Renounce Religion


You were on level 9 of the Dungeon.
You worshipped Sif Muna.
Sif Muna was greatly pleased with you.
You were near starving.

You visited 2 branches of the dungeon, and saw 12 of its levels.

You collected 576 gold pieces.

Inventory:

Jewellery
 n - a ring of wizardry (left paw)
 r - a ring of poison resistance (right paw)
Wands
 D - a wand of flame (22)
 E - a wand of paralysis (6)
 F - a wand of random effects (8)
Scrolls
 a - 9 scrolls of identify
 c - 6 scrolls of teleportation
 d - 5 scrolls of enchant weapon
 e - 2 scrolls of fear
 f - 4 scrolls of noise {unknown}
 g - a scroll of immolation {unknown}
 h - 3 scrolls of amnesia {unknown}
 i - 6 scrolls of magic mapping {unknown}
 k - 7 scrolls of remove curse
 o - 2 scrolls of random uselessness {unknown}
 p - 2 scrolls of enchant armour {unknown}
 s - a scroll of blinking
 y - a scroll of fog {unknown}
 B - a scroll of torment {unknown}
Potions
 j - 2 potions of agility {unknown}
 l - 2 potions of degeneration
 m - 4 potions of haste
 q - 2 potions of heal wounds {unknown}
 t - 5 potions of curing
 u - 3 potions of might {unknown}
 v - a potion of resistance
 w - a potion of flight
 x - 4 potions of magic {unknown}
 z - a potion of ambrosia
 A - a potion of berserk rage {unknown}
 C - a potion of brilliance
Comestibles
 b - 10 rations


   Skills:
 + Level 7.7 Fighting
 - Level 3.3 Dodging
 - Level 2.8 Stealth
 + Level 7.6 Spellcasting
 * Level 10.3 Conjurations
 + Level 8.1 Fire Magic
 - Level 6.0 Evocations


You had 11 spell levels left.
You knew the following spells:

 Your Spells              Type           Power        Failure   Level  Hunger
a - Flame Tongue          Conj/Fire      #####        1%          1    None
c - Conjure Flame         Conj/Fire      #####...     1%          3    None
d - Sticky Flame          Conj/Fire      #####...     1%          4    ###....
e - Fireball              Conj/Fire      #####.....   2%          5    #####..

Your spell library contained the following spells:

 Spells                   Type           Power        Failure   Level  Hunger
 Throw Flame              Conj/Fire      #####.       1%          2    None
 Inner Flame              Hex/Fire       ####....     1%          3    None


Dungeon Overview and Level Annotations

Branches:
Dungeon (11/15)            Temple (1/1) D:4            Lair (0/6) D:9
    Orc (0/2) D:10

Altars:
Ashenzari
Cheibriados
Dithmenos
Elyvilon
Fedhas
Gozag
Hepliaklqana
Kikubaaqudgha
Makhleb
Nemelex Xobeh
Okawaru
Qazlal
Ru
Sif Muna
Trog
Uskayaw
Vehumet
Wu Jian
Xom
Yredelemnul
Zin
The Shining One

Shops:
D:9 [

Annotations:
D:9 1 transporter


Innate Abilities, Weirdness & Mutations

You cannot wear armour.
You are incapable of wielding weapons or throwing items.
Your paws allow you to move quietly. (Stealth)
You have sharp claws.
You have razor-sharp teeth.
You have supernaturally acute eyesight. (SInv)
You are carnivorous and can eat meat at any time.
You cover ground quickly.
You are covered in thick fur. (AC +2)
You have a slow metabolism.
Your sharp claws are effective at attacking unaware monsters.


Message History

Confirm with . or Enter, or press ? or * to list all spells.
Aiming: Sticky Flame (safe; 1% risk of failure)
Press: ? - help, Shift-Dir - straight line, f - wolf spider simulacrum
Aim: a wolf spider simulacrum (hasn't noticed you)
The sticky flame hits the wolf spider simulacrum!
The wolf spider simulacrum melts!
The wolf spider simulacrum is moderately damaged.
The wolf spider simulacrum is covered in liquid flames!
You are near starving!
The wolf spider simulacrum burns!
The wolf spider simulacrum closely misses you.
The wolf spider simulacrum bites you.
The wolf spider simulacrum freezes you!!
Ouch! That really hurt!
* * * LOW HITPOINT WARNING * * *
The centaur warrior simulacrum closely misses you.
The wolf spider simulacrum burns!
The wolf spider simulacrum hits you!
* * * LOW HITPOINT WARNING * * *
The wolf spider simulacrum freezes you!!
You die...

#.#..........##.###########.#.#
#.............#.# #.......#
###############.# #.#######
#.............#######.#######
#.#############°°°°Y#........
#.# #°○○○○☼#○○○○°###.#####
#.######°○°○○°#○°°°°###.#
#......#○☼#.#.○°○○[?#...#
#.##..©#°○©.@.ZY☼°)©#©..#
#.###..#°.#.#Z○.○°$(#..## #.#
#..#°°☼○○○#○°°°°#### #.#
####○☼☼°○°#○°○○○#
###.#############°°○°☼# ##
#.........# ####### #.
#.#.#####.# #. #.#.# #.# #.
#.#.# #.# #.


You could see 2 ice beasts, a wolf spider simulacrum (burning) and a centaur
warrior simulacrum.

Vanquished Creatures
  A centaur warrior (D:11)
  2 two-headed ogres
  Pikel (D:6)
  A manticore (D:11)
  Psyche (D:8)
  A gargoyle (D:10)
  An orange demon (D:11)
  2 centaur skeletons (D:7)
  2 hellwings
  A hornet (D:9)
  3 trolls
  A merfolk (D:10)
  Grinder (D:6)
  2 hippogriffs
  6 yaks (D:9)
  2 hungry ghosts
  3 ice beasts
  2 sky beasts (D:7)
  An eye of draining (D:11)
  2 slaves (D:6)
  7 ogres
  2 orc warriors
  2 necrophages
  4 centaurs
  5 bullfrogs
  A gnoll sergeant (D:10)
  A wyvern skeleton (D:11)
  A scorpion (D:10)
  5 wights (D:11)
  4 howler monkeys
  A crimson imp (D:9)
  6 centaur zombies
  2 orc priests
  6 hounds
  Jessica (D:2)
  Natasha (twice) (D:2 D:1)
  7 orc wizards
  2 iguanas
  9 worker ants
  A killer bee zombie (D:6)
  A hound zombie (D:10)
  10 gnolls
  10 adders
  A river rat (D:4)
  6 shadow imps
  2 oozes
  An adder zombie (D:5)
  A worm (D:4)
  5 dart slugs
  8 leopard geckos
  27 orcs
  7 giant cockroaches
  12 hobgoblins
  2 jackals (D:3)
  3 quokkas
  2 ball pythons
  A ball python skeleton (D:6)
  7 bats
  6 frilled lizards
  3 goblins
  7 kobolds
  A leopard gecko skeleton (D:5)
  A quokka skeleton (D:7)
  7 rats
236 creatures vanquished.

Notes
Turn   | Place    | Note
-------+----------+-------------------------------------------
     0 | D:1      | lyphon the Felid Fire Elementalist began the quest for the
                  | Orb.
     0 | D:1      | Reached XP level 1. HP: 7/7 MP: 4/4
    86 | D:1      | Reached skill level 1 in Conjurations
   275 | D:1      | Reached XP level 2. HP: 10/11 MP: 0/6
   786 | D:1      | Reached XP level 3. HP: 13/14 MP: 0/7
  1219 | D:2      | Noticed Natasha
  1227 | D:2      | Killed Natasha
  1227 | D:2      | Reached XP level 4. HP: 18/18 MP: 3/8
  1274 | D:2      | Noticed Jessica
  1278 | D:2      | Noticed Natasha
  1392 | D:1      | Killed Natasha
  1597 | D:2      | Killed Jessica
  1597 | D:2      | Reached skill level 1 in Fighting
  1597 | D:2      | Reached skill level 2 in Conjurations
  1870 | D:2      | Reached XP level 5. HP: 22/22 MP: 7/10
  2893 | D:3      | Found a stormy altar of Qazlal.
  3102 | D:3      | Reached skill level 3 in Conjurations
  3527 | D:3      | Found a hazy altar of Hepliaklqana.
  3527 | D:3      | Found a glowing silver altar of Zin.
  3531 | D:3      | Gained mutation: You are covered in thick fur. (AC +2)
                  | [Felid growth]
  3531 | D:3      | Reached XP level 6. HP: 26/26 MP: 8/11
  3770 | D:4      | Found an ancient bone altar of Kikubaaqudgha.
  3826 | D:4      | Found a staircase to the Ecumenical Temple.
  3926 | D:4      | Learned a level 3 spell: Conjure Flame
  3931 | D:4      | Learned a level 4 spell: Sticky Flame
  4155 | D:4      | Found a hide-covered altar of Uskayaw.
  4733 | D:5      | Entered Level 5 of the Dungeon
  4940 | D:5      | Noticed a troll
  5314 | D:5      | Reached XP level 7. HP: 22/30 MP: 7/13
  5520 | D:5      | Reached skill level 4 in Conjurations
  5845 | D:5      | Killed a troll
  6121 | D:5      | Reached skill level 5 in Conjurations
  6553 | D:6      | Noticed Grinder
  6649 | D:6      | Learned a level 5 spell: Fireball
  6650 | D:6      | Noticed Pikel
  6676 | D:6      | Reached XP level 8. HP: 19/34 MP: 9/15
  6680 | D:6      | Paralysed by Grinder for 6 turns
  6686 | D:6      | Slain by Pikel
  6687 | D:6      | Reached XP level 7. HP: -4/31 MP: 11/14
  6854 | D:6      | Reached skill level 5 in Fire Magic
  6854 | D:6      | Reached skill level 1 in Evocations
  7298 | D:6      | Found a white marble altar of Elyvilon.
  7424 | D:6      | Killed Pikel
  7424 | D:6      | Reached skill level 6 in Conjurations
  7424 | D:6      | Reached XP level 8. HP: 36/36 MP: 6/16
  7617 | D:6      | Killed Grinder
  7886 | Temple   | Entered the Ecumenical Temple
  8078 | Temple   | Became a worshipper of Sif Muna the Loreminder
  8371 | D:7      | Noticed a hellwing
  8694 | D:7      | Reached skill level 5 in Spellcasting
  8703 | D:7      | Noticed a hippogriff
  8789 | D:6      | Reached XP level 9. HP: 15/40 MP: 1/17
  9204 | D:6      | Reached skill level 5 in Fighting
  9405 | D:6      | Reached skill level 7 in Conjurations
  9420 | D:6      | Slain by a hellwing
  9421 | D:6      | Reached XP level 8. HP: -5/37 MP: 14/16
  9479 | D:6      | Killed a hellwing
  9694 | D:7      | Found a burning altar of Makhleb.
 10136 | D:7      | Reached * piety under Sif Muna
 10136 | D:7      | Reached XP level 9. HP: 38/40 MP: 7/18
 10474 | D:7      | Noticed a hellwing
 10488 | D:7      | Killed a hellwing
 10798 | D:7      | Reached skill level 8 in Conjurations
 10879 | D:7      | Reached skill level 5 in Evocations
 11290 | D:7      | Found a basalt altar of Yredelemnul.
 11605 | D:8      | Found an opulent altar of Gozag.
 11770 | D:8      | Reached ** piety under Sif Muna
 11884 | D:8      | Noticed Psyche
 12113 | D:8      | Reached XP level 10. HP: 45/45 MP: 15/20
 12243 | D:8      | Killed Psyche
 12596 | D:9      | You fall through a shaft!
 12596 | D:10     | Entered Level 10 of the Dungeon
 12634 | D:9      | Found Suug's Antique Armour Shop.
 12826 | D:9      | Found a transporter.
 12858 | D:9      | Found a radiant altar of Vehumet.
 13099 | D:9      | Found a staircase to the Lair.
 13181 | D:9      | Found a transporter.
 13524 | D:9      | Reached skill level 9 in Conjurations
 13989 | D:9      | Found a sacrificial altar of Ru.
 14414 | D:10     | Noticed a two-headed ogre
 14907 | D:10     | Killed a two-headed ogre
 14997 | D:10     | Found a staircase to the Orcish Mines.
 15283 | D:10     | Reached *** piety under Sif Muna
 15286 | D:10     | Mangled by a troll
 15287 | D:10     | Reached XP level 9. HP: -8/43 MP: 19/20
 15309 | D:10     | Killed a troll
 15309 | D:10     | Reached XP level 10. HP: 47/47 MP: 8/21
 15836 | D:10     | Noticed a gargoyle
 15839 | D:10     | Killed a gargoyle
 15938 | D:11     | Noticed an orange demon
 15938 | D:11     | Noticed an orange demon
 15939 | D:11     | Noticed an orange demon
 16730 | D:11     | Noticed a centaur warrior
 16736 | D:11     | Killed a centaur warrior
 16736 | D:11     | Reached skill level 10 in Conjurations
 16849 | D:11     | Noticed a manticore
 16854 | D:11     | Noticed a manticore
 16859 | D:11     | Killed a manticore
 16862 | D:11     | Killed an orange demon
 17140 | D:11     | Noticed a two-headed ogre
 17157 | D:11     | Killed a two-headed ogre
 17157 | D:11     | Reached **** piety under Sif Muna
 17635 | D:9      | Demolished by a wolf spider simulacrum

Skill      XL: |  1  2  3  4  5  6  7  8  9 10 |
---------------+-------------------------------+-----
Conjurations   | 1 2 3 6 8 10 | 10.3
Fire Magic     | 3 4 5 6 8 |  8.1
Dodging        | 3 |  3.3
Fighting       | 1 2 4 6 7 |  7.7
Spellcasting   | 3 4 5 6 7 |  7.6
Evocations     | 2 4 5 6 |  6.0
Stealth        | |  2.8

Action                   |  1- 3 |  4- 6 |  7- 9 | 10-12 || total
-------------------------+-------+-------+-------+-------++-------
Melee: Unarmed           |    22 |     6 |   107 |   124 ||   259
       Bite              |     1 |       |    12 |    15 ||    28
 Cast: Flame Tongue      |    49 |   163 |   219 |   190 ||   621
       Conjure Flame     |       |     2 |     9 |    12 ||    23
       Sticky Flame      |       |       |    29 |    14 ||    43
       Fireball          |       |       |     5 |    19 ||    24
Invok: Divine Energy     |       |       |     1 |     2 ||     3
       Stop Divine Energ |       |       |     1 |     2 ||     3
Evoke: Wand              |       |       |    16 |    24 ||    40
  Use: Potion            |       |     6 |     2 |     1 ||     9
       Scroll            |       |     5 |     3 |       ||     8
 Stab: Sleeping          |     1 |       |       |       ||     1
  Eat: Chunk             |       |     9 |    12 |    14 ||    35
       Ration            |       |       |     3 |     1 ||     4
Armor: Skin              |     5 |     4 |    19 |     5 ||    33
Dodge: Dodged            |    48 |    46 |   186 |   137 ||   417
